 Dungeon Crawl Stone Soup version 0.25-a0-1024-gbfbf38f2cb (webtiles) character file.

Game seed: 1672439735506279041, levelgen mode: classic

150 Amnesiac the Twirler (level 5, -2/29 HPs)
             Began as a Deep Elf Gladiator on May 12, 2020.
             Was an Initiate of Okawaru.
             Slain by Crazy Yiuf
             ... wielding a +3 quarterstaff of chaos
              (7 damage)
             ... on level 3 of the Dungeon.
             The game lasted 00:05:14 (3512 turns).

Amnesiac the Twirler (Deep Elf Gladiator)           Turns: 3512, Time: 00:05:15

Health: -2/29      AC:  6    Str: 12    XL:     5   Next: 10%
Magic:  8/8        EV: 12    Int: 13    God:    Okawaru [......]
Gold:   106        SH:  0    Dex: 16    Spells: 4/4 levels left

rFire    . . .     SeeInvis .   a - +0 quarterstaff
rCold    . . .     Gourm    .   (shield currently unavailable)
rNeg     . . .     Faith    .   h - +0 ring mail
rPois    .         Spirit   .   c - +0 helmet
rElec    .         Reflect  .   (no cloak)
rCorr    .         Harm     .   (no gloves)
MR       .....                  (no boots)
Stlth    +.........             (no amulet)
HPRegen  0.09/turn              (no ring)
MPRegen  0.11/turn              (no ring)

@: no status effects
A: no striking features
a: Renounce Religion


You were on level 3 of the Dungeon.
You worshipped Okawaru.
Okawaru was noncommittal.
You were not hungry.

You visited 2 branches of the dungeon, and saw 6 of its levels.

You collected 106 gold pieces.

Inventory:

Hand Weapons
 a - a +0 quarterstaff (weapon)
 b - a +0 hunting sling
Missiles
 d - 2 throwing nets
 g - 146 stones
 k - 16 sling bullets
 m - 6 poisoned darts (quivered)
 t - 49 arrows
Armour
 c - a +0 helmet (worn)
 h - a +0 ring mail (worn)
Jewellery
 w - an uncursed ring of ice
 x - a +3 ring of strength {unknown}
Wands
 p - a wand of paralysis (10)
Scrolls
 e - a scroll of fog {!r, unknown}
 i - a scroll of blinking {!r, unknown}
 l - 3 scrolls of identify {!r, unknown}
 o - a scroll of noise {!r, unknown}
 r - 3 scrolls of amnesia {!r, unknown}
 s - a scroll of teleportation {!r, unknown}
Potions
 j - 2 potions of magic {!q, unknown}
 n - a potion of brilliance {!q, unknown}
 u - 3 potions of curing {!q, unknown}
 v - 2 potions of heal wounds {!q, unknown}
Comestibles
 f - 6 rations
 q - 3 chunks of flesh


   Skills:
 - Level 1.5 Fighting
 * Level 5.1 Staves
 - Level 2.0 Throwing
 - Level 1.5 Armour
 - Level 3.6 Dodging
 + Level 1.5 Evocations


You had 4 spell levels left.
You didn't know any spells.
Your spell library was empty.

Dungeon Overview and Level Annotations

Branches:
Dungeon (5/15)             Temple (1/1) D:4

Altars:
Ashenzari
Elyvilon
Fedhas
Gozag
Hepliaklqana
Kikubaaqudgha
Makhleb
Okawaru
Ru
Sif Muna
Trog
Uskayaw
Vehumet
Wu Jian
Yredelemnul
Zin
The Shining One

Annotations:
D:3 Crazy Yiuf
D:4 exclusion: 2 worker ants


Message History

Found 13 bolts.
Found a stone staircase leading down.
t - 49 arrows (gained 24)
There is a stone staircase leading down here.
There is an open door here.
f - 6 rations (gained 1)
You now have 106 gold pieces (gained 19).
x - a cabochon ring
There is an open door here.
r - 3 scrolls labeled GUEXOPN HINO {!r} (gained 1) Key pressed, stopping explore.
There is an open door here.
There is an open door here.
There is an open door here.
There is an open door here.
There is an open door here.
There is an open door here.
You see here a hobgoblin skeleton.
There is an open door here.
You open the door.
There is an open door here.
Partly explored, can't reach some places.
Partly explored, can't reach some places.
Partly explored, can't reach some places.
Partly explored, can't reach some places.
Partly explored, can't reach some places.
You thump the fungus!
The fungus is lightly damaged.
You completely miss the fungus.
The fungus is lightly damaged.
You sock the fungus!
The fungus is moderately damaged.
You hit the fungus.
The fungus is heavily damaged.
You thump the fungus!
The fungus is severely damaged.
You thump the fungus!
You destroy the fungus!
Found a glowing mace.
Found a runed translucent door.
Crazy Yiuf shouts!
Quiver which item? (- for none, * to show all) (? for menu, Esc to quit)
Quivering
m - 6 poisoned darts for throwing.
Crazy Yiuf whimpers, "Paint!"
You open the door. You barely miss Crazy Yiuf. Crazy Yiuf barely misses you.
You hit Crazy Yiuf.
Crazy Yiuf is lightly wounded.
Crazy Yiuf hits you with a +3 quarterstaff of chaos!
You are electrocuted!
Ouch! That really hurt!
* * * LOW HITPOINT WARNING * * *
Unknown command.
Unknown command.
Unknown command.
Unknown command.
Unknown command.
Evoke which item? (* to show all) (? for menu, Esc to quit)
Aiming: Paralyse
Press: ? - help, Shift-Dir - straight line, f - Crazy Yiuf
Aim: Crazy Yiuf, wielding a +3 quarterstaff of chaos and wearing a +0 cloak (lightly wounded, chance to defeat MR: 59%) Crazy Yiuf resists with significant effort.
Crazy Yiuf waves his quarterstaff at you.
Crazy Yiuf hits you with a +3 quarterstaff of chaos!
You die...

########.##.# #'# # ##...#.# ♣♣.♣
#### #.....## ♣.♣♣ #... ##...##
♣♣.♣ #.## ##÷## ♣.♣♣ #.## #.#
♣♣.♣♣ ### #.## #.# ♣.PP♣♣ #.#
##... ##'## ♣gP♣P♣ #.# #....
##...## #.@..# #.# #....
##.....## #....####.# ##<... #
##.......####.....##.# #.....
####.........####....##.####.....
...'....[....'...................
.###.........####...<...####.##..
.# ##.......## ##.#.#### #.###.
.# ##.....## ###.# #.# #. .#
##...## ##.## #.###.


You could see Crazy Yiuf.

Vanquished Creatures
  An orc priest (D:4)
  2 hound skeletons (D:4)
  An adder (D:3)
  4 oozes
  A worm (D:2)
  3 dart slugs
  2 leopard geckos (D:2)
  5 orcs
  2 giant cockroaches
  5 goblins
  7 hobgoblins
  2 jackals (D:1)
  8 kobolds
  A ball python (D:1)
  6 bats
  4 frilled lizards
  2 rats
  A fungus (D:3)
57 creatures vanquished.

Notes
Turn   | Place    | Note
-------+----------+-------------------------------------------
     0 | D:1      | Amnesiac the Deep Elf Gladiator began the quest for the
                  | Orb.
     0 | D:1      | Reached XP level 1. HP: 12/12 MP: 3/3
    14 | D:2      | Found a glowing golden altar of the Shining One.
   363 | D:4      | Noticed a worker ant
   416 | D:4      | Reached XP level 2. HP: 2/16 MP: 4/4
   801 | D:4      | Reached skill level 1 in Armour
   824 | D:5      | Entered Level 5 of the Dungeon
   824 | D:5      | Noticed a crimson imp
   837 | D:4      | Reached skill level 4 in Staves
   837 | D:4      | Reached XP level 3. HP: 8/20 MP: 5/5
  1079 | D:4      | Found a staircase to the Ecumenical Temple.
  1088 | Temple   | Entered the Ecumenical Temple
  1269 | Temple   | Became a worshipper of Warmaster Okawaru
  1367 | D:3      | Reached XP level 4. HP: 22/25 MP: 6/6
  1947 | D:1      | Reached skill level 1 in Evocations
  2619 | D:2      | Found a glowing golden altar of the Shining One.
  2700 | D:2      | Found a faded altar of an unknown god.
  2843 | D:3      | Reached skill level 5 in Staves
  3006 | D:3      | Reached XP level 5. HP: 29/29 MP: 8/8
  3304 | D:3      | Found a basalt altar of Yredelemnul.
  3498 | D:3      | Found a runed translucent door.
  3499 | D:3      | Noticed Crazy Yiuf
  3512 | D:3      | Slain by Crazy Yiuf

Illustrated notes

Levels and vault maps discovered:
D:1:      heliophobic_arrival_battle_scene, layout_loops_cross, grunt_decor_cap
D:2:      layout_rooms, nicolae_tso_swordbearing_angel,
          chequers_ecumenical_altar_simple_redux, first_ration,
          kennysheep_flooded_box, corner_web_ring, kennysheep_another_room
D:3:      layout_loops_corners, yredelemnul_altar_generic,
          uniq_crazy_yiuf_cottage
D:4:      layout_basic, minmay_temple_entry_waves, serial_shops,
          nicolae_shop_behind_doors, serial_forest,
          infiniplex_forest_lined_room_, infiniplex_forest_clump_long,
          infiniplex_forest_side_room, infiniplex_forest_straight_1,
          infiniplex_forest_clump_diagonal, infiniplex_forest_3_way,
          infiniplex_forest_lined_room_2, uniq_blork_the_orc
D:5:      lemuel_ratsnest, layout_cave_pools
Temple:   eino_temple_scatter_basement

Skill      XL: |  1  2  3  4 |
---------------+-------------+-----
Armour         | 1 |  1.5
Staves         | 4 5 |  5.1
Evocations     | 1 |  1.5
Fighting       | |  1.5
Throwing       | |  2.0
Dodging        | |  3.6

Action                   |  1- 3 |  4- 6 || total
-------------------------+-------+-------++-------
Melee: Quarterstaff      |    46 |   120 ||   166
Throw: Stone             |    12 |   110 ||   122
       Throwing net      |     1 |       ||     1
Evoke: Wand              |       |     1 ||     1
  Eat: Chunk             |       |     8 ||     8
Armor: Leather armour    |    14 |       ||    14
       Ring mail         |     2 |    39 ||    41
Dodge: Dodged            |    38 |    47 ||    85

Table legend:
 A = Non-vault XP
 B = Vault XP
 C = Vault XP percentage of total XP
 D = Non-vault monster count
 E = Vault monster count
 F = Vault count percentage of total count
                 A         B        C        D         E       F
            +---------+---------+-------+---------+---------+-------
      Total |     215 |       0 |   0.0 |      56 |       0 |   0.0
            +---------+---------+-------+---------+---------+-------
        D:1 |      50 |       0 |   0.0 |      23 |       0 |   0.0
        D:2 |      37 |       0 |   0.0 |      14 |       0 |   0.0
        D:3 |      43 |       0 |   0.0 |      14 |       0 |   0.0
        D:4 |      85 |       0 |   0.0 |       5 |       0 |   0.0
            +---------+---------+-------+---------+---------+-------
